Map: Ephemeron LE

Players

ViBE

  • Race: Terran Terran
  • League: Grandmaster
  • Spawn Location: 5:00

A.I. 2 (Medium) - Winner!

  • Race: Terran Terran
  • Spawn Location: 11:00

VOD

Have the link to the VOD?

Description

Getting Gooded

Time

  • Played on: Feb. 7, 2020, 5:12 a.m.
  • Length: 11:19
Show
View Real Time Build Order
Export as new Build Order

ViBE Terran 

Build Orders: Reaper Expand 

Get SALT Encoding   

  12  0:00  SCV  
  13  0:12  SCV  
  14  0:22  Supply Depot  
  14  0:24  SCV  
  15  0:39  Refinery  
  15  0:43  SCV  
  15  0:44  Barracks  
  16  0:55  SCV  
  17  1:07  SCV  
  18  1:20  SCV  
  19  1:33  Orbital Command  
  19  1:34  Reaper  
  20  1:44  Command Center  
  20  2:06  Reaper  
  21  2:13  Supply Depot  
  21  2:15  SCV  
  22  2:16  Refinery  
  22  2:19  Factory  
  22  2:27  SCV  
  23  2:39  SCV  
  23  2:40  Reaper  
  25  2:51  SCV  
  26  2:56  Orbital Command  
  26  3:03  Starport, SCV  
  26  3:04  Hellion  
  29  3:15  SCV, Barracks Reactor  
  30  3:25  Hellion  
  30  3:26  SCV  
  33  3:27  SCV  
  33  3:31  Supply Depot  
  34  3:38  SCV  
  34  3:39  SCV  
  36  3:41  Starport Tech Lab  
  36  3:46  Factory Tech Lab  
  36  3:50  SCV  
  36  3:51  SCV, Marine  
  36  3:52  Marine  
  40  4:03  SCV x2, Raven  
  40  4:04  Supply Depot  
  40  4:09  Marine x2  
  45  4:15  SCV, Cyclone  
  45  4:16  SCV  
  51  4:20  Command Center  
  51  4:27  SCV, Refinery  
  51  4:28  SCV  
  51  4:30  Refinery  
  53  4:32  Marine  
  53  4:34  Marine  
  55  4:39  SCV  
  55  4:40  SCV  
  57  4:47  Barracks x2  
  57  4:50  Engineering Bay  
  57  4:51  SCV  
  58  4:53  Refinery x2  
  58  4:59  Siege Tank  
  61  5:02  SCV  
  62  5:14  Stimpack  
  62  5:29  Supply Depot  
  62  5:31  Supply Depot x2  
  62  5:32  Orbital Command, SCV x2, Marine, Medivac  
  62  5:35  Siege Tank  
  70  5:37  Barracks Reactor  
  70  5:38  Barracks Reactor  
  70  5:44  SCV x2  
  70  5:49  Terran Infantry Weapons Level 1, Marine  
  72  5:56  SCV x2, Orbital Command, Engineering Bay  
  75  5:59  Armory  
  75  6:07  Marine  
  75  6:08  SCV x2  
  78  6:12  Barracks x2  
  78  6:13  Viking x2  
  78  6:15  Marine  
  83  6:20  SCV x2  
  83  6:22  SCV  
  83  6:25  Terran Infantry Armor Level 1  
  86  6:27  Marine  
  86  6:28  Marine x3  
  92  6:32  SCV x2  
  92  6:34  SCV  
  92  6:39  Supply Depot  
  93  6:40  Supply Depot  
  93  6:45  SCV x2  
  93  6:46  SCV, Terran Vehicle Weapons Level 1  
  96  6:49  Marine x3  
  96  6:52  Viking  
  101  6:58  Combat Shield  
  101  7:00  Marine x2  
  101  7:01  SCV x2, Siege Tank  
  108  7:02  Barracks Reactor  
  108  7:05  SCV  
  109  7:10  Supply Depot x2  
  109  7:11  Barracks Reactor  
  109  7:13  SCV x2  
  111  7:15  Refinery  
  111  7:17  SCV, Refinery  
  111  7:18  Marine x5  
  117  7:25  SCV x2  
  117  7:29  SCV  
  113  7:31  Command Center  
  113  7:36  Marine x2, Supply Depot  
  115  7:37  SCV x2, Supply Depot  
  115  7:40  Marine x4  
  115  7:41  Marine  
  122  7:45  Terran Infantry Weapons Level 2  
  122  7:55  Barracks  
  122  7:56  Barracks  
  122  7:59  Siege Tank  
  122  8:00  Viking, Factory  
  122  8:03  SCV x2  
  129  8:06  SCV  
  129  8:07  Marine x2  
  129  8:08  Marine  
  129  8:10  Marine  
  129  8:11  Marine  
  129  8:12  Marine  
  136  8:14  Marine  
  136  8:15  SCV, Marine  
  136  8:19  Marine  
  140  8:20  Viking  
  140  8:25  Supply Depot x2  
  140  8:26  SCV x2  
  144  8:27  Supply Depot  
  144  8:28  Terran Infantry Armor Level 2  
  144  8:40  Terran Vehicle Weapons Level 2  
  144  8:43  Barracks Reactor  
  144  8:44  Factory Tech Lab, Barracks Reactor  
  144  8:49  Command Center  
  144  8:53  SCV x2  
  144  8:54  SCV, Barracks  
  144  8:55  Marine x6, Barracks  
  148  8:57  Marine  
  154  9:13  Siege Tank  
  154  9:14  Siege Tank  
  154  9:16  Viking x2  
  164  9:17  Marine x9  
  164  9:21  Supply Depot x2  
  164  9:22  Supply Depot  
  173  9:29  Marine  
  173  9:30  Marine x3  
  177  9:34  Marine  
  177  9:35  Marine x2  
  177  9:38  Planetary Fortress  
  180  9:42  Barracks Reactor x2  
  180  9:46  Viking x2, Siege Tank x2  
  190  10:15  Marine x10  
Show
View Real Time Build Order
Export as new Build Order

A.I. 2 (Medium) Terran - Winner!

Build Orders:  

Get SALT Encoding   

  12  0:00  SCV  
  13  0:13  SCV  
  14  0:18  Supply Depot  
  14  0:25  SCV  
  15  0:39  SCV  
  16  0:43  Barracks  
  16  0:49  Refinery  
  16  0:51  SCV  
  17  1:04  SCV  
  18  1:19  Supply Depot  
  18  1:30  Orbital Command  
  18  1:31  Marine  
  19  1:36  Barracks  
  19  1:44  Refinery  
  19  1:49  Barracks Tech Lab  
  19  2:07  Marine  
  20  2:13  Supply Depot  
  20  2:25  Marine  
  21  2:32  Marine  
  22  2:44  Marine  
  22  2:49  Supply Depot  
  23  2:56  SCV, Marine  
  25  3:08  SCV, Marine  
  27  3:15  Engineering Bay  
  27  3:20  SCV  
  27  3:26  Marauder  
  30  3:32  Marine  
  30  3:33  SCV  
  32  3:45  SCV  
  32  3:47  Marine  
  34  3:49  Supply Depot  
  34  3:57  SCV, Marine  
  36  4:09  Marauder  
  38  4:13  SCV  
  38  4:21  Marine  
  39  4:34  Marauder  
  41  6:46  Barracks Tech Lab  
  43  6:47  Marauder  
  43  6:49  Factory  
  43  6:52  Factory  
  43  6:54  Command Center, Missile Turret  
  43  6:56  Missile Turret  
  43  6:58  Ghost Academy  
  43  7:03  Sensor Tower  
  43  7:05  Supply Depot  
  43  7:09  Barracks  
  43  7:17  Bunker  
  43  7:24  Marine  
  27  7:32  Factory Tech Lab, Marine  
  27  7:36  Armory  
  28  7:38  Starport, Factory Tech Lab  
  28  7:41  Marine  
  29  7:50  Marine  
  30  7:56  Barracks Reactor  
  30  7:59  Marine  
  31  8:07  SCV  
  31  8:08  Marine  
  31  8:10  SCV  
  34  8:17  Starport Tech Lab, Refinery, Marine  
  34  8:19  Missile Turret, SCV  
  36  8:22  Missile Turret, SCV  
  36  8:24  Refinery  
  36  8:26  Marine  
  38  8:31  SCV  
  39  8:34  SCV  
  39  8:35  Marauder  
  39  8:37  Raven  
  39  8:41  Marine  
  44  8:43  Bunker  
  44  8:44  SCV  
  44  8:46  SCV  
  47  8:50  Marine  
  48  8:56  SCV  
  48  8:58  SCV, Ghost  
  52  9:08  SCV, Marauder  
  55  9:11  SCV  
  56  9:20  SCV, Raven  
  56  9:23  SCV  
  60  9:27  Marauder  
  62  9:32  SCV  
  62  9:35  SCV  
  64  9:44  SCV  
  65  9:47  SCV  
  66  9:56  SCV  
  69  11:05  Supply Depot  
Tags
 
Matchup
TvT
Player
ViBE
Race
Terran
Spawn Locations
Cross Positions
Add a new tag
Caveats
  • Supply blocks, unpowered buildings, or Contaminate may cause inaccurate times.
  • Supply counts are checked every 10 seconds.